 Dungeon Crawl Stone Soup version 0.24.0-1-gfbc8707122 (webtiles) character file.

Game seed: 9424472893628950979, levelgen mode: classic

109 EnegeticOcto the Sneak (level 4, -24/29 HPs)
             Began as an Octopode Air Elementalist on Oct 27, 2019.
             Annihilated by an ogre
             ... wielding a +0 giant club
              (26 damage)
             ... on level 3 of the Dungeon.
             The game lasted 00:01:43 (2122 turns).

EnegeticOcto the Sneak (Octopode Air Elementalist)  Turns: 2122, Time: 00:01:44

Health: -24/29     AC:  1    Str:  7    XL:     4   Next: 89%
Magic:  7/7        EV: 14    Int: 18    God:
Gold:   86         SH:  0    Dex: 12    Spells: 6/7 levels left

rFire    . . .     SeeInvis .   a - +0 dagger
rCold    . . .     Gourm    .   (no shield)
rNeg     . . .     Faith    .   (helmet restricted)
rPois    .         Spirit   .   (no amulet)
rElec    .         Reflect  .   f - ring of protection from magic
rCorr    .         Harm     .   (no ring)
MR       +....                  (no ring)
Stlth    +++.......             (no ring)
HPRegen  0.09/turn              (no ring)
MPRegen  0.10/turn              (no ring)
                                (no ring)
                                (no ring)

@: no status effects
A: almost no armour, stealthy swim, amphibious, 8 rings, constrict 8, camouflage
1, gelatinous body 1
a: no special abilities


You were on level 3 of the Dungeon.
You were hungry.

You visited 1 branch of the dungeon, and saw 3 of its levels.

You collected 86 gold pieces.

Inventory:

Hand Weapons
 a - a +0 dagger (weapon)
Jewellery
 f - a ring of protection from magic (left tentacle)
 g - a cursed ring of attention {unknown}
Wands
 h - a wand of paralysis (12)
Scrolls
 b - 2 scrolls of fog {unknown}
 i - a scroll of blinking {unknown}
Potions
 c - a potion of invisibility {unknown}
Comestibles
 e - 2 rations


   Skills:
 + Level 1.8 Fighting
 * Level 2.1 Short Blades
 + Level 2.9 Dodging
 + Level 4.1 Stealth
 - Level 2.0 Spellcasting
 - Level 1.0 Conjurations
 - Level 3.0 Air Magic


You had 6 spell levels left.
You knew the following spells:

 Your Spells              Type           Power        Failure   Level  Hunger
a - Shock                 Conj/Air       #...         8%          1    #......

Your spell library contained the following spells:

 Spells                   Type           Power        Failure   Level  Hunger
 Swiftness                Chrm/Air       #.......     14%         2    ###....
 Static Discharge         Conj/Air       #.......     24%         3    ###....
 Airstrike                Air            ##........   45%         4    #####..
 Lightning Bolt           Conj/Air       #.........   91%         5    ######.


Dungeon Overview and Level Annotations

Branches:
Dungeon (3/15)

Altars:
Qazlal
Sif Muna
Trog


Innate Abilities, Weirdness & Mutations

You cannot wear most types of armour.
You are very stealthy in the water. (Stealth+)
You are amphibious.
You can wear up to eight rings at the same time.
You can use your tentacles to constrict eight enemies at once.
Your skin changes colour to match your surroundings (Stealth+).
Your rubbery body absorbs attacks. (AC +1, EV +1)


Message History

You hit the adder. You grab the adder.
The adder is lightly wounded.
You constrict the adder. The adder bites you.
You hit the adder. You squeeze the adder.
The adder is heavily wounded.
You constrict the adder. The adder closely misses you.
You completely miss the adder.
The adder is heavily wounded.
You constrict the adder. The adder bites you.
You hit the adder but do no damage.
The adder is severely wounded.
You constrict the adder, but do no damage.
The adder misses you.
You hit the adder.
The adder is almost dead.
You constrict the adder.
You kill the adder!
A hobgoblin comes into view. It is wielding a +0 club.
A hobgoblin is nearby!
A hobgoblin is nearby!
The hobgoblin shouts!
A bat comes into view.
The hobgoblin hits you with a +0 club.
You hit the hobgoblin. You grab the hobgoblin.
The hobgoblin is moderately wounded.
You constrict the hobgoblin. You hit the hobgoblin but do no damage.
You squeeze the hobgoblin.
You kill the hobgoblin!
You hit the bat. Your grab misses the bat. You squeeze the bat.
You kill the bat!
No target in view!
No target in view!
Found a dagger.
Found a stone staircase leading up.
No target in view!
No target in view!
No target in view!
No target in view!
No target in view!
No target in view!
Found a leather armour.
You see here a leather armour.
You now have 86 gold pieces (gained 14).
You are feeling hungry.
No target in view!
No target in view!
No target in view!
No target in view!
No target in view!
No target in view!
b - 2 scrolls labeled HOUTITH IL CAKH (gained 1) As you open the door, it creaks loudly!
There is an open door here.
There is an open door here.
Key pressed, stopping explore.
You open the door.
Found a shimmering blue altar of Sif Muna.
There is an open door here.
Done exploring.
Done exploring.
No target in view!
No target in view!
No target in view!
No target in view!
Done exploring.
Done exploring.
Search for what [? for help]? .
(D) Dungeon
Where to? (Enter - D:2, ? - help)
There is an open door here.
There is a stone staircase leading down here.
You climb downwards.
An ogre comes into view. It is wielding a +0 giant club.
There is a stone staircase leading up here.
Okay, then.
The helpless ogre fails to defend itself.
You puncture the ogre!
The ogre is severely wounded.
You hit the ogre. Your squeeze misses the ogre.
The ogre is severely wounded.
The ogre barely misses you.
You hit the ogre. Your squeeze misses the ogre.
The ogre is severely wounded.
The ogre hits you with a +0 giant club!
Ouch! That really hurt!
You hit the ogre.
The ogre is severely wounded.
The ogre hits you with a +0 giant club!
* * * LOW HITPOINT WARNING * * *
You are too injured to fight recklessly!
You are too injured to fight recklessly!
You are too injured to fight recklessly!
You are too injured to fight recklessly!
You hit the ogre but do no damage.
The ogre is severely wounded.
You completely miss the ogre.
The ogre is severely wounded.
The ogre hits you with a +0 giant club!!
Ouch! That really hurt!
You die...

#..# ..# ..#
... #.# #.# #.#
##########<#
......O@..#...#
.#########.#..#
.#..# .# .# .#
.# .# # .. ##


You could see an ogre.

Vanquished Creatures
  A howler monkey (D:2)
  2 adders (D:2)
  An ooze (D:2)
  A worm (D:2)
  2 leopard geckos
  6 goblins
  3 hobgoblins
  8 jackals
  5 bats
  A frilled lizard (D:1)
  5 kobolds
  3 rats
38 creatures vanquished.

Notes
Turn   | Place    | Note
-------+----------+-------------------------------------------
     0 | D:1      | EnegeticOcto the Octopode Air Elementalist began the quest
                  | for the Orb.
     0 | D:1      | Reached XP level 1. HP: 11/11 MP: 3/3
   251 | D:1      | Reached skill level 3 in Stealth
   268 | D:1      | Reached XP level 2. HP: 18/18 MP: 1/5
   573 | D:1      | Reached skill level 1 in Fighting
   975 | D:1      | Reached XP level 3. HP: 23/23 MP: 6/6
  1174 | D:1      | Reached skill level 1 in Short Blades
  1425 | D:2      | Found a stormy altar of Qazlal.
  1439 | D:2      | Found a bloodstained altar of Trog.
  1553 | D:2      | Reached XP level 4. HP: 27/28 MP: 7/7
  1675 | D:2      | Reached skill level 4 in Stealth
  2098 | D:2      | Found a shimmering blue altar of Sif Muna.
  2113 | D:3      | Noticed an ogre
  2122 | D:3      | Annihilated by an ogre

Levels and vault maps discovered:
D:1:      dpeg_arrival_rooms_a, layout_loops_cross
D:2:      layout_basic, grunt_qazlal_clouds, led_sif_pool, bloody_trog
D:3:      layout_loops_ring

Skill      XL: |  1  2  3  4 |
---------------+-------------+-----
Stealth        | 3 4 |  4.1
Fighting       | 1 |  1.8
Short Blades   | 1 2 |  2.1
Dodging        | |  2.9
Spellcasting   | |  2.0
Conjurations   | |  1.0
Air Magic      | |  3.0

Action                   |  1- 3 |  4- 6 || total
-------------------------+-------+-------++-------
Melee: Unarmed           |     5 |       ||     5
       Constrict         |    13 |     5 ||    18
       Dagger            |    55 |    32 ||    87
       Tentacles         |     9 |     6 ||    15
 Cast: Shock             |    17 |       ||    17
 Stab: Sleeping          |    10 |     2 ||    12
  Eat: Chunk             |     2 |     1 ||     3
Armor: Skin              |     7 |       ||     7
Dodge: Dodged            |    47 |     8 ||    55
